 Dungeon Crawl Stone Soup version 0.30-a0-160-gcfceee88d3 (webtiles) character file.

Game seed: 27210010930782805

69687 qw the Severer (level 15, -7/96 HPs)
             Began as a Gargoyle Fighter on Sept 27, 2022.
             Was a High Priest of Okawaru.
             Mangled by a meliai
             ... wielding a +0 war axe
              (13 damage)
             ... on level 14 of the Dungeon.
             The game lasted 00:10:53 (23252 turns).

qw the Severer (Gargoyle Fighter)                  Turns: 23252, Time: 00:10:53

Health: -7/96      AC: 34    Str: 26    XL:     15   Next: 30%
Magic:  21/22      EV:  9    Int: 13    God:    Okawaru [*****.]
Gold:   1265       SH: 13    Dex:  8    Spells: 14/14 levels left

rFire   + . .      SeeInvis .    f - +0 war axe (vamp)
rCold   + . .      Faith    .    z - +0 kite shield
rNeg    + . .      Spirit   .    u - +0 plate armour
rPois   inf        Reflect  .    m - +1 hat
rElec   +          Harm     .    (no cloak)
rCorr   .          Rampage  .    o - +0 pair of gloves
Will    +....      Clarity  +    n - +2 pair of boots {Fly}
Stlth   ..........               i - amulet of the acrobat
HPRegen 0.26/turn                a - ring of protection from cold
MPRegen 0.18/turn                g - ring of fire

@: about to teleport, heroic, flying
A: sickness immunity, AC +11, big wings, negative energy resistance 1,
electricity resistance, torment resistance 1, petrification resistance, antennae
1, clarity, clever 1, cold resistance 1
a: Renounce Religion, Heroism, Finesse, Duel


You were on level 14 of the Dungeon.
You worshipped Okawaru.
Okawaru was extremely pleased with you.
You visited 3 branches of the dungeon, and saw 20 of its levels.
You also visited: Sewer.

You collected 1265 gold pieces.


Innate Abilities, Weirdness & Mutations

You are immune to sickness and miasma.
Your stone body is resilient. (AC +11)
You are immune to poison.
Your large and strong wings let you fly.
You resist negative energy. (rN+)
You are resistant to electric shocks. (rElec)
You are resistant to unholy torment.
You are immune to petrification.
You have a pair of small antennae on your head.
You possess an exceptional clarity of mind.
Your mind is acute. (Int +4, Str/Dex -1)
Your flesh is cold resistant. (rC+)


   Skills:
 - Level 12.0(17.0) Fighting
 - Level 16.0(21.0) Axes
 - Level 6.0(11.0) Throwing
 - Level 10.0(15.0) Armour
 - Level 2.0(7.0) Dodging
 + Level 12.0(17.0) Shields
 - Level 10.0 Invocations


You had 14 spell levels left.
You didn't know any spells.
Your spell library was empty.

Inventory:

Hand Weapons
 f - a +0 vampiric war axe (weapon)
 v - a +0 demon whip of venom
Missiles
 c - 3 silver boomerangs
 y - 5 boomerangs
 A - a silver javelin
 B - 5 javelins (quivered)
Armour
 m - a +1 hat (worn)
 n - a +2 pair of boots of flying (worn)
 o - a +0 pair of gloves (worn)
 r - +0 acid dragon scales
 u - a +0 plate armour (worn)
 z - a +0 kite shield (worn)
Jewellery
 a - a ring of protection from cold (left hand)
 g - a ring of fire (right hand)
 h - a ring of ice
 i - an amulet of the acrobat (around neck)
 w - an amulet of regeneration
Scrolls
 e - 6 scrolls of identify
 l - 8 scrolls of teleportation
 q - a scroll of brand weapon
Potions
 b - 7 potions of haste
 d - 2 potions of might
 j - 2 potions of heal wounds
 k - 11 potions of curing
 p - 2 potions of cancellation
 s - 2 potions of attraction
 t - 5 potions of mutation
 x - 3 potions of lignification

Dungeon Overview and Level Annotations

Branches:
Dungeon (14/15)            Temple (1/1) D:4            Lair (5/5) D:8
 Shoals (0/4) Lair:3        Snake (0/4) Lair:2        Slime (0/5) Lair:4
    Orc (0/2) D:9          Vaults (0/5) D:13          Sewer (visited)

Altars:
Ashenzari
Cheibriados
Dithmenos
Elyvilon
Fedhas
Gozag
Hepliaklqana
Kikubaaqudgha
Makhleb
Nemelex Xobeh
Okawaru
Qazlal
Ru
Sif Muna
Trog
Uskayaw
Vehumet
Wu Jian
Xom
Yredelemnul
Zin
The Shining One

Shops:
D:5 [   D:7 :


Message History

The meliai is moderately wounded.
The meliai invokes the aid of its god against you.
Something smites you! The meliai hits you but does no damage.
The meliai barely misses you.
You slice the meliai!!
You feel better.
You kill the meliai!
Okawaru accepts your kill.
You miss the meliai. The meliai closely misses you.
You block the meliai's attack. The meliai hits you but does no damage.
You block the meliai's attack.
You closely miss the meliai. x2
You block the meliai's attack. The meliai closely misses you.
You block the meliai's attack. x2
You completely miss the meliai. You slash the meliai!
The meliai hits you with a +0 war axe. The meliai closely misses you.
The meliai calls down the wrath of its god upon you.
Something smites you!
The meliai mumbles some strange prayers to its god against you.
Something smites you!
The meliai mumbles some strange prayers to its god against you.
Something smites you!
You hit the meliai but do no damage.
The meliai is heavily wounded.
You hit the meliai.
You feel better.
The meliai barely misses you. x2; You block the meliai's attack.
The meliai barely misses you.
You barely miss the meliai.
The meliai is heavily wounded.
You slash the meliai! The meliai hits you with a +0 war axe.
You block the meliai's attack. x3
The meliai hits you with a +0 war axe. The meliai closely misses you.
The meliai barely misses you. The meliai closely misses you.
23252 ||| READING 9 scrolls of teleportation.
As you read the scroll of teleportation, it crumbles to dust.
You feel strangely unstable. The meliai hits you with a +0 war axe!
The meliai stings you but does no damage.
The meliai closely misses you. The meliai barely misses you.
The meliai hits you with a +0 war axe!
You die...

#...y........
............
#...$.......# ....
....... ##...
.......## ...# #.....#
#.## #....## #.y##
#.....# ##y@##
##....##
#####..####.....# ##
#........###....## #.
#........###.....####.
#.........##..........
#..............#......
#............#########
#..........##
#..........#


You could see 2 meliai.

Vanquished Creatures
  Nessos (Lair:4)
  Snorg (D:11)
  Fannar (D:11)
  Erolcha (D:11)
  6 hydras
  A boulder beetle (D:11)
  A centaur warrior (D:14)
  A catoblepas (Lair:5)
  3 two-headed ogres
  2 tengu warriors (D:13)
  2 death yaks (Lair:4)
  3 skeletal warriors (D:14)
  Amaemon (D:10)
  A glowing orange brain (shapeshifter) (D:13)
  2 lindwurms (Lair:5)
  4 cyclopes
  A deep elf pyromancer (D:14)
  3 oklob plants (Lair:4)
  2 manticores
  4 ugly things
  3 black mambas
  4 elephants (Lair:2)
  Joseph (D:8)
  3 gargoyles
  An unseen horror (D:11)
  20 cane toads
  An orange demon (D:10)
  2 torpor snails
  2 rime drakes
  3 kobold demonologists (D:10)
  Psyche (D:8)
  10 komodo dragons
  4 trolls
  A troll (shapeshifter) (D:13)
  2 hornets
  A polar bear (Lair:5)
  Prince Ribbit (D:5)
  A meliai (D:14)
  9 slime creatures
  A queen bee (shapeshifter) (D:13)
  3 tyrant leeches (Lair:5)
  21 blink frogs
  14 dream sheep
  Sigmund (D:3)
  3 wraiths
  53 yaks
  A vampire (D:12)
  A wyvern (Lair:4)
  Grum (D:9)
  A basilisk (Lair:2)
  3 hogs (D:13)
  A human (D:13)
  18 vampire mosquitoes
  5 steam dragons
  6 nagas (Lair:2)
  5 acid dragons
  13 water moccasins
  Duvessa (D:5)
  6 orc warriors
  4 black bears
  An ice beast (D:8)
  An ogre (D:5)
  15 wolves
  7 centaurs
  23 bullfrogs
  6 kobold brigands
  2 necrophages
  2 scorpions (D:5)
  4 gnoll sergeants
  10 wights
  Dowan (D:5)
  5 electric eels
  9 howler monkeys
  A lava snake (D:13)
  3 hounds (D:4)
  8 orc priests
  Ijyb (D:3)
  2 iguanas
  14 orc wizards
  7 hell rats (Lair:3)
  Terence (D:2)
  25 gnolls
  8 adders
  3 river rats (Sewer)
  2 white imps
  3 dart slugs
  42 orcs
  13 ball pythons
  3 endoplasms
  3 giant cockroaches
  5 goblins
  13 hobgoblins
  2 jackals (D:1)
  4 quokkas
  7 bats
  4 frilled lizards
  33 kobolds
  29 rats
595 creatures vanquished.

Vanquished Creatures (others)
  Kirke (D:13)
  26 fungi
  146 plants
173 creatures vanquished.

Grand Total: 768 creatures vanquished

Notes
Turn   | Place    | Note
-------+----------+-------------------------------------------
     0 | D:1      | qw the Gargoyle Fighter began the quest for the Orb.
     0 | D:1      | Reached XP level 1. HP: 14/14 MP: 1/1
     0 | D:1      | 0 ||| qw: Version: 0.2-a-10-g37ed214
     0 | D:1      | 0 ||| qw: Game counter: 586
     0 | D:1      | 0 ||| qw: Always use a shield: true
     0 | D:1      | 0 ||| qw: God list: Okawaru
     0 | D:1      | 0 ||| qw: Allow faded altars: false
     0 | D:1      | 0 ||| qw: Do Orc after D:15 true
     0 | D:1      | 0 ||| qw: Do second Lair branch before Depths: true
     0 | D:1      | 0 ||| qw: Lair rune preference: random
     0 | D:1      | 0 ||| qw: Plans: Normal, Zot:1-4, God:TSO, Crypt, Tomb,
                  | Pan, Slime:5, Hells, Abyss, Orb
     0 | D:1      | 0 ||| PLANNING D:1-11
    62 | D:1      | Reached skill level 2 in Axes
   266 | D:1      | Reached XP level 2. HP: 17/19 MP: 2/2
   581 | D:1      | 581 ||| Stepping ~*~*~tactically~*~*~ (stealth).
   640 | D:1      | 640 ||| DROPPING orb of light.
   641 | D:1      | 641 ||| UPGRADING to +0 pair of boots.
   646 | D:1      | 646 ||| READING scroll labelled JAXAESO HUAMIS.
   647 | D:1      | 647 ||| READING scroll labelled POC TITEZUIZE.
   782 | D:2      | Noticed Terence
   784 | D:2      | Reached skill level 3 in Axes
   799 | D:2      | Killed Terence
   800 | D:2      | Reached XP level 3. HP: 17/23 MP: 3/3
   989 | D:2      | 989 ||| Stepping ~*~*~tactically~*~*~ (hiding).
  1105 | D:2      | Reached XP level 4. HP: 28/28 MP: 4/4
  1155 | D:2      | 1155 ||| Stepping ~*~*~tactically~*~*~ (stealth).
  1159 | D:2      | Reached skill level 4 in Axes
  1883 | D:2      | 1883 ||| DRINKING 2 silvery potions.
  1884 | D:2      | 1884 ||| DRINKING 2 bubbling orange potions.
  1885 | D:2      | 1885 ||| DROPPING potion of degeneration.
  1910 | D:3      | 1910 ||| PLANNING SEWER
  1934 | D:3      | Noticed Sigmund
  1952 | D:3      | HP: 6/28 [something (7)]
  1955 | D:3      | Killed Sigmund
  1956 | D:3      | Reached skill level 5 in Axes
  1956 | D:3      | Reached XP level 5. HP: 7/32 MP: 5/5
  1956 | D:3      | Reached XP level 6. HP: 9/37 MP: 6/6
  2124 | D:3      | 2124 ||| FLEEEEING.
  2206 | D:3      | Found a blossoming altar of Fedhas.
  2257 | D:3      | Noticed Ijyb
  2259 | D:3      | 2259 ||| Stepping ~*~*~tactically~*~*~ (hiding).
  2267 | D:3      | Paralysed by Ijyb for 5 turns
  2275 | D:3      | Killed Ijyb
  2335 | D:3      | Found a faded altar of an unknown god.
  2536 | D:3      | Found a glowing drain.
  2537 | D:3      | 2537 ||| DROPPING +0 leather armour of cold resistance.
  2538 | D:3      | 2538 ||| UPGRADING to +0 pair of gloves.
  2543 | D:3      | 2543 ||| UPGRADING to +0 chain mail.
  2553 | D:3      | 2553 ||| DROPPING +0 scale mail.
  2554 | D:3      | 2554 ||| READING 2 scrolls labelled COEBEO CYTRO.
  2558 | D:3      | 2558 ||| READING scroll labelled HIXIYXKODO.
  2559 | D:3      | 2559 ||| READING scroll labelled SUAMNY LYXAGH.
  2611 | Sewer    | Entered a sewer
  2630 | Sewer    | 2630 ||| Stepping ~*~*~tactically~*~*~ (stealth).
  2709 | Sewer    | 2709 ||| Stepping ~*~*~tactically~*~*~ (stealth).
  2781 | Sewer    | 2781 ||| Stepping ~*~*~tactically~*~*~ (water).
  2786 | Sewer    | Reached skill level 1 in Throwing
  2799 | Sewer    | 2799 ||| Stepping ~*~*~tactically~*~*~ (water).
  2823 | Sewer    | 2823 ||| Stepping ~*~*~tactically~*~*~ (stealth).
  2874 | Sewer    | Reached skill level 6 in Axes
  2884 | Sewer    | Reached XP level 7. HP: 34/43 MP: 7/7
  2989 | Sewer    | 2989 ||| Stepping ~*~*~tactically~*~*~ (stealth).
  3005 | Sewer    | 3005 ||| Stepping ~*~*~tactically~*~*~ (stealth).
  3006 | Sewer    | 3006 ||| Stepping ~*~*~tactically~*~*~ (stealth).
  3007 | Sewer    | 3007 ||| Stepping ~*~*~tactically~*~*~ (stealth).
  3037 | Sewer    | 3037 ||| DROPPING +0 whip.
  3241 | Sewer    | 3241 ||| DRINKING 2 viscous golden potions.
  3241 | Sewer    | Gained mutation: You are strong-willed. (Will+) [potion of
                  | mutation]
  3241 | Sewer    | Gained mutation: You have a pair of small antennae on your
                  | head. [potion of mutation]
  3241 | Sewer    | Gained mutation: You are vulnerable to cold. (rC-) [potion
                  | of mutation]
  3242 | Sewer    | 3242 ||| DRINKING potion of mutation.
  3242 | Sewer    | Lost mutation: You are strong-willed. (Will+) [potion of
                  | mutation]
  3242 | Sewer    | Lost mutation: You are vulnerable to cold. (rC-) [potion of
                  | mutation]
  3242 | Sewer    | Gained mutation: You possess an exceptional clarity of
                  | mind. [potion of mutation]
  3242 | Sewer    | Gained mutation: Your flesh is cold resistant. (rC+)
                  | [potion of mutation]
  3242 | Sewer    | Gained mutation: Your mind is acute. (Int +4, Str/Dex -1)
                  | [potion of mutation]
  3243 | Sewer    | 3243 ||| DRINKING 3 clear potions.
  3269 | D:3      | 3269 ||| PLANNING D:1-11
  3309 | D:3      | 3309 ||| Stepping ~*~*~tactically~*~*~ (stealth).
  3367 | D:3      | Found a radiant altar of Vehumet.
  3368 | D:3      | 3368 ||| Stepping ~*~*~tactically~*~*~ (hiding).
  3720 | D:4      | Found a staircase to the Ecumenical Temple.
  3721 | D:4      | 3721 ||| PLANNING TEMPLE
  3721 | D:4      | 3721 ||| READING scroll labelled EGETWYIMMI.
  3722 | D:4      | 3722 ||| READING 2 scrolls of identify.
  3722 | D:4      | 3722 ||| IDENTIFYING viscous grey potion
  3723 | D:4      | 3723 ||| DROPPING potion of brilliance.
  3729 | D:4      | 3729 ||| FLEEEEING.
  3730 | D:4      | 3730 ||| FLEEEEING.
  3732 | D:4      | 3732 ||| FLEEEEING.
  3739 | D:4      | 3739 ||| FLEEEEING.
  3740 | D:4      | 3740 ||| FLEEEEING.
  3741 | D:4      | 3741 ||| FLEEEEING.
  3742 | D:4      | 3742 ||| FLEEEEING.
  3743 | D:4      | 3743 ||| FLEEEEING.
  3744 | D:4      | 3744 ||| FLEEEEING.
  3745 | D:4      | 3745 ||| FLEEEEING.
  3746 | D:4      | 3746 ||| FLEEEEING.
  3747 | D:4      | 3747 ||| FLEEEEING.
  3748 | D:4      | 3748 ||| FLEEEEING.
  3749 | D:4      | 3749 ||| FLEEEEING.
  3750 | D:4      | 3750 ||| FLEEEEING.
  3751 | D:4      | 3751 ||| FLEEEEING.
  3752 | D:4      | 3752 ||| FLEEEEING.
  3753 | D:4      | 3753 ||| FLEEEEING.
  3757 | D:4      | 3757 ||| STAIRDANCE
  3761 | D:4      | 3761 ||| STAIRDANCE
  3767 | D:4      | 3767 ||| STAIRDANCE
  3802 | Temple   | Entered the Ecumenical Temple
  3815 | Temple   | 3815 ||| PLANNING D:1-11
  3859 | D:4      | 3859 ||| Stepping ~*~*~tactically~*~*~ (hiding).
  4463 | D:4      | 4463 ||| UPGRADING to ring of protection from cold.
  4464 | D:4      | 4464 ||| DRINKING 3 black potions.
  4488 | D:5      | Entered Level 5 of the Dungeon
  4521 | D:5      | Reached skill level 7 in Axes
  4671 | D:5      | 4671 ||| DROPPING +2 whip of freezing.
  4691 | D:5      | Noticed Prince Ribbit
  4718 | D:5      | 4718 ||| Stepping ~*~*~tactically~*~*~ (hiding).
  4720 | D:5      | Killed Prince Ribbit
  4721 | D:5      | Reached XP level 8. HP: 31/50 MP: 8/8
  4721 | D:5      | 4721 ||| FLEEEEING.
  4722 | D:5      | 4722 ||| FLEEEEING.
  4723 | D:5      | 4723 ||| FLEEEEING.
  4724 | D:5      | 4724 ||| FLEEEEING.
  4725 | D:5      | 4725 ||| FLEEEEING.
  4726 | D:5      | 4726 ||| FLEEEEING.
  4727 | D:5      | 4727 ||| FLEEEEING.
  4728 | D:5      | 4728 ||| FLEEEEING.
  4729 | D:5      | 4729 ||| FLEEEEING.
  4733 | D:5      | 4733 ||| FLEEEEING.
  4733 | D:5      | HP: 9/50 [orc priest/divine providence (13)]
  4734 | D:5      | 4734 ||| FLEEEEING.
  4735 | D:5      | 4735 ||| FLEEEEING.
  4736 | D:5      | 4736 ||| STAIRDANCE
  4993 | D:5      | Reached skill level 1 in Dodging
  5229 | D:5      | 5229 ||| Stepping ~*~*~tactically~*~*~ (hiding).
  5347 | D:5      | Found Ocempoh's Armour Shoppe.
  5350 | D:5      | 5350 ||| SHOPLISTING +0 plate armour (276 gold, have 263).
  5371 | D:5      | Found a white marble altar of Elyvilon.
  5378 | D:5      | Noticed Dowan
  5378 | D:5      | Noticed Duvessa
  5395 | D:5      | Killed Duvessa
  5399 | D:5      | HP: 9/50 [Dowan/stone arrow (14)]
  5400 | D:5      | 5400 ||| READING 2 scrolls of teleportation.
  5401 | D:5      | 5401 ||| DRINKING 3 potions of heal wounds.
  5516 | D:5      | 5516 ||| Stepping ~*~*~tactically~*~*~ (stealth).
  5525 | D:5      | 5525 ||| Stepping ~*~*~tactically~*~*~ (stealth).
  5531 | D:5      | 5531 ||| Stepping ~*~*~tactically~*~*~ (stealth).
  5544 | D:5      | 5544 ||| Stepping ~*~*~tactically~*~*~ (stealth).
  5545 | D:5      | 5545 ||| Stepping ~*~*~tactically~*~*~ (hiding).
  5546 | D:5      | 5546 ||| Stepping ~*~*~tactically~*~*~ (hiding).
  5547 | D:5      | 5547 ||| Stepping ~*~*~tactically~*~*~ (hiding).
  5726 | D:5      | 5726 ||| Stepping ~*~*~tactically~*~*~ (hiding).
  5729 | D:5      | Killed Dowan
  5730 | D:5      | Reached skill level 8 in Axes
  5803 | D:5      | Reached skill level 6 in Fighting
  6024 | D:5      | 6024 ||| READING scroll labelled ZOHIETIQYAPN.
  6025 | D:5      | 6025 ||| READING 3 scrolls of identify.
  6025 | D:5      | 6025 ||| IDENTIFYING puce potion
  6026 | D:5      | 6026 ||| READING 2 scrolls of identify.
  6026 | D:5      | 6026 ||| IDENTIFYING fuming purple potion
  6027 | D:5      | 6027 ||| DROPPING potion of magic.
  6134 | D:6      | 6134 ||| Stepping ~*~*~tactically~*~*~ (hiding).
  6136 | D:6      | 6136 ||| Stepping ~*~*~tactically~*~*~ (hiding).
  6143 | D:6      | 6143 ||| Stepping ~*~*~tactically~*~*~ (stealth).
  6256 | D:6      | 6256 ||| Stepping ~*~*~tactically~*~*~ (stealth).
  6257 | D:6      | 6257 ||| Stepping ~*~*~tactically~*~*~ (stealth).
  6341 | D:6      | Reached XP level 9. HP: 55/55 MP: 9/9
  6434 | D:6      | 6434 ||| Stepping ~*~*~tactically~*~*~ (hiding).
  6441 | D:6      | 6441 ||| FLEEEEING.
  6442 | D:6      | 6442 ||| FLEEEEING.
  6443 | D:6      | 6443 ||| FLEEEEING.
  6444 | D:6      | 6444 ||| FLEEEEING.
  6445 | D:6      | 6445 ||| FLEEEEING.
  6446 | D:6      | 6446 ||| FLEEEEING.
  6447 | D:6      | 6447 ||| FLEEEEING.
  6448 | D:6      | 6448 ||| FLEEEEING.
  6449 | D:6      | 6449 ||| FLEEEEING.
  6450 | D:6      | 6450 ||| FLEEEEING.
  6451 | D:6      | 6451 ||| FLEEEEING.
  6453 | D:6      | 6453 ||| FLEEEEING.
  6455 | D:6      | 6455 ||| FLEEEEING.
  6456 | D:6      | 6456 ||| FLEEEEING.
  6459 | D:6      | 6459 ||| FLEEEEING.
  6463 | D:6      | 6463 ||| FLEEEEING.
  6464 | D:6      | 6464 ||| FLEEEEING.
  6465 | D:6      | 6465 ||| FLEEEEING.
  6466 | D:6      | 6466 ||| FLEEEEING.
  6467 | D:6      | 6467 ||| FLEEEEING.
  6468 | D:6      | 6468 ||| FLEEEEING.
  6469 | D:6      | 6469 ||| FLEEEEING.
  6470 | D:6      | 6470 ||| FLEEEEING.
  6471 | D:6      | 6471 ||| FLEEEEING.
  6472 | D:6      | 6472 ||| FLEEEEING.
  6473 | D:6      | 6473 ||| FLEEEEING.
  6474 | D:6      | 6474 ||| STAIRDANCE
  6574 | D:5      | 6574 ||| UPGRADING to +1 hat.
  6586 | D:6      | 6586 ||| STAIRDANCE
  6702 | D:6      | Reached skill level 9 in Axes
  6804 | D:6      | Found an iron altar of Okawaru.
  6805 | D:6      | 6805 ||| PLANNING OKAWARU WORSHIP
  6805 | D:6      | 6805 ||| READING scroll labelled HITWOICOHOT.
  6806 | D:6      | 6806 ||| READING 2 scrolls of identify.
  6806 | D:6      | 6806 ||| IDENTIFYING orange potion
  6809 | D:6      | Became a worshipper of Warmaster Okawaru
  6810 | D:6      | 6810 ||| PLANNING D:1-11
  6857 | D:6      | 6857 ||| Stepping ~*~*~tactically~*~*~ (stealth).
  6858 | D:6      | 6858 ||| Stepping ~*~*~tactically~*~*~ (stealth).
  7072 | D:6      | 7072 ||| DROPPING +0 flail.
  7122 | D:6      | 7122 ||| Stepping ~*~*~tactically~*~*~ (hiding).
  7532 | D:7      | 7532 ||| STAIRDANCE
  7642 | D:7      | 7642 ||| Stepping ~*~*~tactically~*~*~ (hiding).
  7661 | D:7      | Noticed a two-headed ogre
  7673 | D:7      | Killed a two-headed ogre
  7673 | D:7      | Reached * piety under Okawaru
  7674 | D:7      | Reached skill level 10 in Axes
  7674 | D:7      | Reached XP level 10. HP: 53/63 MP: 10/10
  7748 | D:7      | 7748 ||| Stepping ~*~*~tactically~*~*~ (stealth).
  7752 | D:7      | 7752 ||| Stepping ~*~*~tactically~*~*~ (stealth).
  7758 | D:7      | 7758 ||| Stepping ~*~*~tactically~*~*~ (stealth).
  7780 | D:7      | 7780 ||| Stepping ~*~*~tactically~*~*~ (stealth).
  7790 | D:7      | 7790 ||| Stepping ~*~*~tactically~*~*~ (hiding).
  7886 | D:7      | Found Iponk's Book Emporium.
  7961 | D:7      | Reached skill level 1 in Invocations
  8042 | D:7      | 8042 ||| INVOKING Heroism.
  8058 | D:7      | 8058 ||| Stepping randomly (disturbance).
  8059 | D:7      | 8059 ||| Stepping randomly (disturbance).
  8120 | D:7      | 8120 ||| Stepping ~*~*~tactically~*~*~ (stealth).
  8122 | D:7      | 8122 ||| Stepping ~*~*~tactically~*~*~ (stealth).
  8123 | D:7      | 8123 ||| Stepping ~*~*~tactically~*~*~ (stealth).
  8124 | D:7      | 8124 ||| Stepping ~*~*~tactically~*~*~ (stealth).
  8126 | D:7      | 8126 ||| Stepping ~*~*~tactically~*~*~ (stealth).
  8267 | D:8      | 8267 ||| Stepping ~*~*~tactically~*~*~ (stealth).
  8268 | D:8      | 8268 ||| Stepping ~*~*~tactically~*~*~ (stealth).
  8271 | D:8      | 8271 ||| Stepping ~*~*~tactically~*~*~ (stealth).
  8273 | D:8      | 8273 ||| Stepping ~*~*~tactically~*~*~ (stealth).
  8279 | D:8      | 8279 ||| INVOKING Heroism.
  8310 | D:8      | 8310 ||| INVOKING Heroism.
  8328 | D:8      | Reached skill level 3 in Invocations
  8328 | D:8      | 8328 ||| INVOKING Heroism.
  8333 | D:8      | 8333 ||| FLEEEEING.
  8334 | D:8      | 8334 ||| FLEEEEING.
  8335 | D:8      | 8335 ||| FLEEEEING.
  8336 | D:8      | 8336 ||| FLEEEEING.
  8337 | D:8      | 8337 ||| FLEEEEING.
  8338 | D:8      | 8338 ||| FLEEEEING.
  8339 | D:8      | 8339 ||| FLEEEEING.
  8340 | D:8      | 8340 ||| FLEEEEING.
  8341 | D:8      | 8341 ||| FLEEEEING.
  8342 | D:8      | 8342 ||| STAIRDANCE
  8553 | D:8      | 8553 ||| DROPPING +3 flail of freezing.
  8613 | D:8      | Noticed Psyche
  8614 | D:8      | 8614 ||| INVOKING Heroism.
  8622 | D:8      | Killed Psyche
  8663 | D:8      | 8663 ||| Stepping ~*~*~tactically~*~*~ (stealth).
  8665 | D:8      | 8665 ||| INVOKING Heroism.
  8712 | D:8      | 8712 ||| Stepping ~*~*~tactically~*~*~ (hiding).
  8828 | D:8      | Found a staircase to the Lair.
  8830 | D:8      | 8830 ||| INVOKING Heroism.
  8853 | D:8      | Reached ** piety under Okawaru
  9014 | D:8      | Noticed Joseph
  9022 | D:8      | 9022 ||| INVOKING Heroism.
  9038 | D:8      | Killed Joseph
  9039 | D:8      | Reached skill level 6 in Armour
  9226 | D:8      | 9226 ||| Stepping ~*~*~tactically~*~*~ (stealth).
  9228 | D:8      | 9228 ||| Stepping ~*~*~tactically~*~*~ (hiding).
  9251 | D:8      | 9251 ||| INVOKING Heroism.
  9274 | D:8      | Reached skill level 11 in Axes
  9280 | D:8      | Noticed a manticore
  9282 | D:8      | 9282 ||| Stepping ~*~*~tactically~*~*~ (hiding).
  9287 | D:8      | 9287 ||| INVOKING Heroism.
  9314 | D:8      | 9314 ||| INVOKING Heroism.
  9326 | D:8      | Killed a manticore
  9326 | D:8      | Reached *** piety under Okawaru
  9327 | D:8      | Reached skill level 9 in Fighting
  9433 | D:8      | 9433 ||| INVOKING Heroism.
  9441 | D:8      | Reached XP level 11. HP: 71/71 MP: 11/14
  9610 | D:8      | 9610 ||| Stepping ~*~*~tactically~*~*~ (hiding).
  9614 | D:8      | 9614 ||| INVOKING Heroism.
  9675 | D:8      | 9675 ||| PLANNING LAIR
  9675 | D:8      | 9675 ||| UPGRADING to +2 pair of boots of flying.
  9685 | D:8      | 9685 ||| DROPPING +0 pair of boots.
  9686 | D:8      | 9686 ||| UPGRADING to +0 plate armour.
  9696 | D:8      | 9696 ||| DROPPING +0 chain mail.
  9697 | D:8      | 9697 ||| READING scroll labelled MUDOAS HIRI.
  9738 | Lair:1   | Entered Level 1 of the Lair of Beasts
  9739 | Lair:1   | 9739 ||| INVOKING Heroism.
  9826 | Lair:1   | 9826 ||| INVOKING Heroism.
  9889 | Lair:1   | 9889 ||| INVOKING Heroism.
 10190 | Lair:1   | Reached **** piety under Okawaru
 10303 | Lair:1   | 10303 ||| Stepping ~*~*~tactically~*~*~ (hiding).
 10314 | Lair:1   | 10314 ||| INVOKING Heroism.
 10498 | Lair:1   | 10498 ||| INVOKING Heroism.
 10768 | Lair:1   | 10768 ||| INVOKING Heroism.
 10776 | Lair:1   | Received a gift from Okawaru
 11285 | Lair:2   | 11285 ||| INVOKING Heroism.
 11289 | Lair:2   | 11289 ||| Stepping ~*~*~tactically~*~*~ (stealth).
 11325 | Lair:2   | 11325 ||| INVOKING Heroism.
 11354 | Lair:2   | 11354 ||| INVOKING Heroism.
 11396 | Lair:2   | 11396 ||| Stepping ~*~*~tactically~*~*~ (hiding).
 11397 | Lair:2   | 11397 ||| Stepping ~*~*~tactically~*~*~ (hiding).
 11411 | Lair:2   | 11411 ||| INVOKING Heroism.
 11419 | Lair:2   | HP: 16/71 [naga/+0 glaive (10)]
 11420 | Lair:2   | 11420 ||| READING 2 scrolls of teleportation.
 11421 | Lair:2   | 11421 ||| DRINKING 3 potions of heal wounds.
 11608 | Lair:2   | 11608 ||| INVOKING Heroism.
 11620 | Lair:2   | Reached skill level 12 in Axes
 11620 | Lair:2   | Reached skill level 6 in Invocations
 11634 | Lair:2   | Reached skill level 6 in Shields
 11636 | Lair:2   | 11636 ||| INVOKING Heroism.
 11649 | Lair:2   | Reached XP level 12. HP: 76/76 MP: 14/17
 11797 | Lair:2   | 11797 ||| INVOKING Heroism.
 11798 | Lair:2   | Reached ***** piety under Okawaru
 11831 | Lair:2   | Reached skill level 9 in Armour
 11848 | Lair:2   | 11848 ||| INVOKING Heroism.
 12143 | Lair:2   | 12143 ||| INVOKING Heroism.
 12330 | Lair:2   | 12330 ||| Stepping ~*~*~tactically~*~*~ (hiding).
 12336 | Lair:2   | 12336 ||| INVOKING Heroism.
 12350 | Lair:2   | Received a gift from Okawaru
 12351 | Lair:2   | Found a staircase to the Snake Pit.
 12357 | Lair:2   | 12357 ||| INVOKING Heroism.
 12608 | Lair:2   | 12608 ||| UPGRADING to amulet of the acrobat.
 12680 | Lair:3   | 12680 ||| Stepping ~*~*~tactically~*~*~ (stealth).
 12681 | Lair:3   | 12681 ||| Stepping ~*~*~tactically~*~*~ (stealth).
 12682 | Lair:3   | 12682 ||| Stepping ~*~*~tactically~*~*~ (stealth).
 12683 | Lair:3   | 12683 ||| Stepping ~*~*~tactically~*~*~ (stealth).
 12684 | Lair:3   | 12684 ||| INVOKING Heroism.
 12691 | Lair:3   | Reached skill level 9 in Invocations
 12749 | Lair:3   | Noticed a four-headed hydra
 12750 | Lair:3   | 12750 ||| INVOKING Heroism.
 12751 | Lair:3   | 12751 ||| INVOKING Finesse.
 12754 | Lair:3   | 12754 ||| SWAPPING to +0 morningstar.
 12771 | Lair:3   | Killed a four-headed hydra
 12772 | Lair:3   | 12772 ||| SWAPPING to +0 vampiric war axe.
 12943 | Lair:3   | 12943 ||| INVOKING Heroism.
 12988 | Lair:3   | 12988 ||| INVOKING Heroism.
 12992 | Lair:3   | Identified the +4 ring mail of the Depths {rElec rN+ Str-3}
                  | (Okawaru gifted it to you on level 3 of the Lair of Beasts)
 12992 | Lair:3   | Received a gift from Okawaru
 13021 | Lair:3   | Found a staircase to the Shoals.
 13044 | Lair:3   | 13044 ||| INVOKING Heroism.
 13281 | Lair:3   | 13281 ||| INVOKING Heroism.
 13311 | Lair:3   | 13311 ||| INVOKING Heroism.
 13329 | Lair:3   | Noticed an eight-headed hydra
 13330 | Lair:3   | 13330 ||| INVOKING Finesse.
 13337 | Lair:3   | 13337 ||| SWAPPING to +0 morningstar.
 13348 | Lair:3   | Killed an eight-headed hydra
 13349 | Lair:3   | 13349 ||| SWAPPING to +0 vampiric war axe.
 13787 | Lair:3   | 13787 ||| READING scroll labelled ZANEBO HEGALY.
 13827 | Lair:4   | Noticed an eight-headed hydra
 13828 | Lair:4   | 13828 ||| INVOKING Heroism.
 13829 | Lair:4   | 13829 ||| INVOKING Finesse.
 13831 | Lair:4   | 13831 ||| SWAPPING to +0 morningstar.
 13842 | Lair:4   | Killed an eight-headed hydra
 13843 | Lair:4   | Reached skill level 13 in Axes
 13843 | Lair:4   | 13843 ||| SWAPPING to +0 vampiric war axe.
 14132 | Lair:4   | Reached skill level 3 in Throwing
 14190 | Lair:4   | 14190 ||| INVOKING Heroism.
 14209 | Lair:4   | Reached XP level 13. HP: 82/82 MP: 20/20
 14245 | Lair:4   | 14245 ||| INVOKING Finesse.
 14250 | Lair:4   | 14250 ||| INVOKING Heroism.
 14413 | Lair:4   | Noticed Nessos
 14414 | Lair:4   | 14414 ||| INVOKING Finesse.
 14421 | Lair:4   | 14421 ||| INVOKING Heroism.
 14439 | Lair:4   | 14439 ||| Stepping ~*~*~tactically~*~*~ (hiding).
 14440 | Lair:4   | 14440 ||| Stepping ~*~*~tactically~*~*~ (hiding).
 14442 | Lair:4   | Killed Nessos
 14669 | Lair:4   | 14669 ||| INVOKING Heroism.
 14670 | Lair:4   | 14670 ||| INVOKING Finesse.
 14671 | Lair:4   | Found a staircase to the Slime Pits.
 14685 | Lair:4   | 14685 ||| DRINKING 4 potions of cancellation.
 14732 | Lair:4   | Identified the +3 robe of Negation {rN+ Str+7 Dex-3 Slay-6}
 14835 | Lair:4   | 14835 ||| READING 5 scrolls of identify.
 14835 | Lair:4   | 14835 ||| IDENTIFYING green potion
 14836 | Lair:4   | 14836 ||| DROPPING potion of berserk rage.
 14847 | Lair:5   | Entered Level 5 of the Lair of Beasts
 14848 | Lair:5   | 14848 ||| INVOKING Heroism.
 14853 | Lair:5   | 14853 ||| STAIRDANCE
 14868 | Lair:5   | 14868 ||| STAIRDANCE
 14875 | Lair:5   | 14875 ||| STAIRDANCE
 14887 | Lair:5   | 14887 ||| STAIRDANCE
 14941 | Lair:5   | 14941 ||| INVOKING Heroism.
 14949 | Lair:5   | Reached skill level 14 in Axes
 14977 | Lair:5   | Received a gift from Okawaru
 14999 | Lair:5   | 14999 ||| INVOKING Heroism.
 15035 | Lair:5   | 15035 ||| INVOKING Heroism.
 15042 | Lair:5   | 15042 ||| INVOKING Finesse.
 15049 | Lair:5   | 15049 ||| SWAPPING to +0 morningstar.
 15053 | Lair:5   | 15053 ||| Stepping ~*~*~tactically~*~*~ (outnumbered).
 15059 | Lair:5   | 15059 ||| SWAPPING to +0 vampiric war axe.
 15083 | Lair:5   | 15083 ||| Stepping ~*~*~tactically~*~*~ (stealth).
 15104 | Lair:5   | 15104 ||| Stepping ~*~*~tactically~*~*~ (stealth).
 15108 | Lair:5   | 15108 ||| INVOKING Heroism.
 15123 | Lair:5   | 15123 ||| INVOKING Finesse.
 15189 | Lair:5   | 15189 ||| INVOKING Heroism.
 15203 | Lair:5   | Received a gift from Okawaru
 15239 | Lair:5   | 15239 ||| INVOKING Heroism.
 15288 | Lair:5   | 15288 ||| Stepping ~*~*~tactically~*~*~ (stealth).
 15290 | Lair:5   | 15290 ||| INVOKING Heroism.
 15292 | Lair:5   | 15292 ||| Stepping ~*~*~tactically~*~*~ (stealth).
 15424 | Lair:5   | 15424 ||| INVOKING Heroism.
 15425 | Lair:5   | 15425 ||| Stepping ~*~*~tactically~*~*~ (stealth).
 15445 | Lair:5   | 15445 ||| INVOKING Finesse.
 15451 | Lair:5   | 15451 ||| SWAPPING to +0 morningstar.
 15454 | Lair:5   | 15454 ||| INVOKING Heroism.
 15462 | Lair:5   | 15462 ||| SWAPPING to +0 vampiric war axe.
 15552 | Lair:5   | 15552 ||| INVOKING Heroism.
 15580 | Lair:5   | 15580 ||| INVOKING Heroism.
 15588 | Lair:5   | Gained mutation: Your large and strong wings let you fly.
                  | [Gargoyle growth]
 15588 | Lair:5   | Reached XP level 14. HP: 45/90 MP: 19/21
 15753 | Lair:5   | 15753 ||| Stepping ~*~*~tactically~*~*~ (stealth).
 15755 | Lair:5   | 15755 ||| Stepping ~*~*~tactically~*~*~ (stealth).
 15757 | Lair:5   | 15757 ||| Stepping ~*~*~tactically~*~*~ (stealth).
 15759 | Lair:5   | 15759 ||| INVOKING Heroism.
 15762 | Lair:5   | 15762 ||| Stepping ~*~*~tactically~*~*~ (stealth).
 15782 | Lair:5   | Reached skill level 6 in Throwing
 15820 | Lair:5   | 15820 ||| INVOKING Heroism.
 15826 | Lair:5   | Reached skill level 15 in Axes
 15888 | Lair:5   | 15888 ||| Stepping ~*~*~tactically~*~*~ (stealth).
 15902 | Lair:5   | 15902 ||| INVOKING Heroism.
 15906 | Lair:5   | Received a gift from Okawaru
 15980 | Lair:5   | 15980 ||| Stepping ~*~*~tactically~*~*~ (stealth).
 16039 | Lair:5   | 16039 ||| Stepping ~*~*~tactically~*~*~ (stealth).
 16158 | Lair:5   | 16158 ||| INVOKING Heroism.
 16159 | Lair:5   | 16159 ||| INVOKING Finesse.
 16162 | Lair:5   | 16162 ||| SWAPPING to +0 morningstar.
 16176 | Lair:5   | 16176 ||| SWAPPING to +0 vampiric war axe.
 16387 | Lair:5   | 16387 ||| Stepping ~*~*~tactically~*~*~ (stealth).
 16398 | Lair:5   | 16398 ||| INVOKING Heroism.
 16652 | Lair:5   | Reached skill level 12 in Fighting
 16762 | Lair:5   | Identified the +11 spear "Bunapat" {spect, rPois Str+3}
 16779 | Lair:5   | 16779 ||| PLANNING D:1-11
 16779 | Lair:5   | 16779 ||| UPGRADING to +0 kite shield.
 16789 | Lair:5   | 16789 ||| DROPPING +0 buckler.
 16790 | Lair:5   | 16790 ||| DROPPING amulet of faith.
 16791 | Lair:5   | 16791 ||| UPGRADING to ring of fire.
 16792 | Lair:5   | 16792 ||| DRINKING 2 cyan potions.
 16793 | Lair:5   | 16793 ||| READING 5 scrolls of identify.
 16793 | Lair:5   | 16793 ||| IDENTIFYING inky potion
 16794 | Lair:5   | 16794 ||| DROPPING potion of flight.
 16956 | D:9      | 16956 ||| INVOKING Heroism.
 17189 | D:9      | 17189 ||| Stepping ~*~*~tactically~*~*~ (hiding).
 17212 | D:9      | Found an ornate altar of the Wu Jian Council.
 17559 | D:9      | 17559 ||| Stepping ~*~*~tactically~*~*~ (hiding).
 17569 | D:9      | 17569 ||| INVOKING Heroism.
 17798 | D:9      | 17798 ||| Stepping ~*~*~tactically~*~*~ (hiding).
 17801 | D:9      | 17801 ||| Stepping ~*~*~tactically~*~*~ (hiding).
 17815 | D:9      | 17815 ||| Stepping ~*~*~tactically~*~*~ (stealth).
 17817 | D:9      | 17817 ||| Stepping ~*~*~tactically~*~*~ (hiding).
 17831 | D:9      | 17831 ||| Stepping ~*~*~tactically~*~*~ (stealth).
 17832 | D:9      | 17832 ||| Stepping ~*~*~tactically~*~*~ (stealth).
 17833 | D:9      | 17833 ||| Stepping ~*~*~tactically~*~*~ (stealth).
 17835 | D:9      | 17835 ||| Stepping ~*~*~tactically~*~*~ (stealth).
 17838 | D:9      | 17838 ||| Stepping ~*~*~tactically~*~*~ (stealth).
 17840 | D:9      | 17840 ||| Stepping ~*~*~tactically~*~*~ (stealth).
 17849 | D:9      | 17849 ||| Stepping ~*~*~tactically~*~*~ (stealth).
 17973 | D:9      | 17973 ||| INVOKING Heroism.
 18047 | D:9      | Found a staircase to the Orcish Mines.
 18084 | D:9      | 18084 ||| DROPPING +6 ring of intelligence.
 18108 | D:10     | Entered Level 10 of the Dungeon
 18111 | D:10     | 18111 ||| Stepping ~*~*~tactically~*~*~ (stealth).
 18125 | D:10     | Noticed Grum
 18126 | D:10     | 18126 ||| INVOKING Heroism.
 18127 | D:10     | 18127 ||| INVOKING Finesse.
 18130 | D:10     | 18130 ||| STAIRDANCE
 18140 | D:9      | Killed Grum
 18180 | D:10     | 18180 ||| STAIRDANCE
 18195 | D:10     | 18195 ||| STAIRDANCE
 18208 | D:10     | Found a sacrificial altar of Ru.
 18211 | D:10     | Noticed Amaemon
 18212 | D:10     | 18212 ||| Stepping ~*~*~tactically~*~*~ (stealth).
 18228 | D:10     | 18228 ||| INVOKING Heroism.
 18237 | D:10     | Killed Amaemon
 18237 | D:10     | Received a gift from Okawaru
 18376 | D:10     | 18376 ||| DROPPING +0 morningstar.
 18498 | D:10     | 18498 ||| Stepping ~*~*~tactically~*~*~ (hiding).
 18708 | D:10     | 18708 ||| Stepping ~*~*~tactically~*~*~ (stealth).
 18710 | D:10     | 18710 ||| Stepping ~*~*~tactically~*~*~ (hiding).
 18722 | D:10     | 18722 ||| Stepping ~*~*~tactically~*~*~ (hiding).
 18790 | D:10     | 18790 ||| Stepping ~*~*~tactically~*~*~ (stealth).
 18807 | D:10     | 18807 ||| INVOKING Heroism.
 18810 | D:10     | 18810 ||| INVOKING Finesse.
 18830 | D:10     | Reached skill level 9 in Shields
 19002 | D:10     | Found a glowing silver altar of Zin.
 19002 | D:10     | Noticed an angel
 19056 | D:10     | 19056 ||| READING scroll labelled NITHIO CORUPN.
 19057 | D:10     | 19057 ||| READING scroll labelled SUONKU KER ZOM.
 19091 | D:11     | 19091 ||| INVOKING Heroism.
 19244 | D:11     | Noticed Snorg
 19245 | D:11     | 19245 ||| INVOKING Heroism.
 19246 | D:11     | 19246 ||| INVOKING Finesse.
 19268 | D:11     | Killed Snorg
 19381 | D:11     | 19381 ||| FLEEEEING.
 19382 | D:11     | 19382 ||| FLEEEEING.
 19383 | D:11     | 19383 ||| FLEEEEING.
 19384 | D:11     | 19384 ||| Stepping ~*~*~tactically~*~*~ (hiding).
 19576 | D:11     | 19576 ||| Stepping ~*~*~tactically~*~*~ (hiding).
 19578 | D:11     | 19578 ||| INVOKING Heroism.
 19606 | D:11     | 19606 ||| INVOKING Heroism.
 19607 | D:11     | 19607 ||| INVOKING Finesse.
 19667 | D:11     | 19667 ||| Stepping ~*~*~tactically~*~*~ (stealth).
 19773 | D:11     | Noticed Erolcha
 19774 | D:11     | 19774 ||| Stepping ~*~*~tactically~*~*~ (hiding).
 19779 | D:11     | 19779 ||| INVOKING Heroism.
 19780 | D:11     | 19780 ||| INVOKING Finesse.
 19816 | D:11     | Killed Erolcha
 19817 | D:11     | 19817 ||| Stepping ~*~*~tactically~*~*~ (hiding).
 19818 | D:11     | 19818 ||| Stepping ~*~*~tactically~*~*~ (hiding).
 19821 | D:11     | 19821 ||| Stepping ~*~*~tactically~*~*~ (hiding).
 19823 | D:11     | Noticed Fannar
 19825 | D:11     | 19825 ||| Stepping ~*~*~tactically~*~*~ (hiding).
 19863 | D:11     | Killed Fannar
 19937 | D:11     | 19937 ||| INVOKING Heroism.
 20559 | D:11     | 20559 ||| PLANNING D
 20559 | D:11     | 20559 ||| READING scroll labelled AKOIXKY MYNOO.
 20637 | D:12     | Received a gift from Okawaru
 20690 | D:12     | 20690 ||| FLEEEEING.
 20705 | D:12     | 20705 ||| FLEEEEING.
 20707 | D:12     | 20707 ||| FLEEEEING.
 20962 | D:12     | 20962 ||| Stepping ~*~*~tactically~*~*~ (stealth).
 20963 | D:12     | 20963 ||| Stepping ~*~*~tactically~*~*~ (stealth).
 20972 | D:12     | 20972 ||| Stepping ~*~*~tactically~*~*~ (stealth).
 20982 | D:12     | 20982 ||| Stepping ~*~*~tactically~*~*~ (stealth).
 20983 | D:12     | 20983 ||| Stepping ~*~*~tactically~*~*~ (hiding).
 20986 | D:12     | 20986 ||| INVOKING Heroism.
 21421 | D:13     | 21421 ||| STAIRDANCE
 21518 | D:13     | 21518 ||| Stepping ~*~*~tactically~*~*~ (hiding).
 21521 | D:13     | 21521 ||| Stepping ~*~*~tactically~*~*~ (hiding).
 21527 | D:13     | Received a gift from Okawaru
 21634 | D:13     | 21634 ||| INVOKING Heroism.
 21806 | D:13     | 21806 ||| Stepping ~*~*~tactically~*~*~ (stealth).
 21808 | D:13     | 21808 ||| Stepping ~*~*~tactically~*~*~ (stealth).
 21823 | D:13     | 21823 ||| INVOKING Heroism.
 21827 | D:13     | Found a gate to the Vaults.
 21913 | D:13     | 21913 ||| INVOKING Heroism.
 21921 | D:13     | Reached XP level 15. HP: 96/96 MP: 20/22
 21921 | D:13     | Received a gift from Okawaru
 21982 | D:13     | 21982 ||| INVOKING Heroism.
 21987 | D:13     | Reached skill level 12 in Shields
 22220 | D:13     | 22220 ||| INVOKING Heroism.
 22265 | D:13     | 22265 ||| Stepping ~*~*~tactically~*~*~ (stealth).
 22268 | D:13     | 22268 ||| Stepping ~*~*~tactically~*~*~ (stealth).
 22269 | D:13     | 22269 ||| Stepping ~*~*~tactically~*~*~ (stealth).
 22272 | D:13     | 22272 ||| INVOKING Heroism.
 22351 | D:13     | 22351 ||| INVOKING Heroism.
 22496 | D:13     | 22496 ||| Stepping ~*~*~tactically~*~*~ (stealth).
 22501 | D:13     | 22501 ||| Stepping ~*~*~tactically~*~*~ (stealth).
 22720 | D:13     | Noticed Kirke
 22721 | D:13     | 22721 ||| Stepping ~*~*~tactically~*~*~ (stealth).
 22723 | D:13     | 22723 ||| Stepping ~*~*~tactically~*~*~ (stealth).
 22738 | D:13     | 22738 ||| INVOKING Heroism.
 22754 | D:13     | 22754 ||| DRINKING 3 potions of cancellation.
 22761 | D:13     | Killed Kirke
 22920 | D:14     | Found a shimmering altar of Xom.
 22921 | D:14     | 22921 ||| Stepping ~*~*~tactically~*~*~ (hiding).
 22923 | D:14     | 22923 ||| Stepping ~*~*~tactically~*~*~ (hiding).
 22925 | D:14     | 22925 ||| INVOKING Heroism.
 23049 | D:14     | 23049 ||| INVOKING Heroism.
 23115 | D:14     | Reached skill level 16 in Axes
 23241 | D:14     | 23241 ||| Stepping ~*~*~tactically~*~*~ (hiding).
 23242 | D:14     | 23242 ||| Stepping ~*~*~tactically~*~*~ (hiding).
 23243 | D:14     | 23243 ||| INVOKING Heroism.
 23251 | D:14     | HP: 22/96 [meliai/+0 war axe (5)]
 23252 | D:14     | 23252 ||| READING 9 scrolls of teleportation.
 23252 | D:14     | HP: 6/96 [meliai/+0 war axe (12)]
 23252 | D:14     | Mangled by a meliai

Levels and vault maps discovered:
D:1:      scummos_arrival_star, layout_basic, roderic_serpentine_path
D:2:      layout_basic, grunt_ministairs_13, serial_bayou_crossing, uniq_terence
D:3:      layout_rooms, vehumet_altar_wand_db, fedhas_altar_2,
          hellmonk_ecumenical_altar_blasted, portal_sewer_entry_e, uniq_sigmund,
          uniq_ijyb
D:4:      layout_gridville, minmay_temple_entry_glass, hangedman_decor_opposing
D:5:      layout_cave_pools, elyvilon_altar_3, serial_shops,
          nicolae_shop_window_shopping, sigmund_army, uniq_prince_ribbit1,
          uniq_crazy_yiuf_cottage, uniq_duvessa
D:6:      layout_loops_corners, lemuel_doored_altar, water_boxes_lemuel
D:7:      layout_loops_ring, serial_shops, shop
D:8:      layout_rooms, david_lair_shrubbed, minmay_pinched_square, uniq_joseph,
          uniq_psyche
D:9:      layout_basic, nicolae_wu_jian_wuxing_cycle, david_orc_4,
          kennysheep_small_spiral
D:10:     layout_long_grid, zin_angel, nicolae_ru_awakened_eye, uniq_grum,
          uniq_amaemon
D:11:     layout_loops_corners, uniq_fannar, uniq_erolcha, uniq_snorg
D:12:     layout_loops_ring, nicolae_titane
D:13:     layout_stronghold, david_vaults_2, minmay_misc_feat_square,
          kennysheep_pointless_box, uniq_kirke
D:14:     layout_cave_pods, xom_redecorated, minmay_misc_feat_plants
Temple:   hellmonk_temple_two_chambers
Lair:1:   layout_loops_ring, st_stairs_11, serial_bayou_shore_b
Lair:2:   layout_cave_pods, minmay_snake_entry_guardpost_large
Lair:3:   layout_misc_corridors, shoals_dummy_entry, serial_bayou_shore_a
Lair:4:   layout_roguey, minmay_slime_entry_oklob_open, minivault_25,
          uniq_nessos
Lair:5:   minmay_lair_end_frog_pond, layout_misc_corridors, serial_bayou_lake_a,
          serial_bayou_shore_b

Skill      XL: |  1  2  3  4  5  6  7  8  9 10 11 12 13 14 15 |
---------------+----------------------------------------------+-----
Axes           | 2 3 5 6 7 8 10 11 12 13 14 15 16 | 16.0
Throwing       | 2 3 5 6 |  6.0
Fighting       | 4 5 6 7 9 10 11 12 | 12.0
Dodging        | 1 2 |  2.0
Armour         | 4 5 6 8 9 10 | 10.0
Shields        | 4 5 6 7 11 12 | 12.0
Invocations    | 4 7 10 | 10.0

Action                   |  1- 3 |  4- 6 |  7- 9 | 10-12 | 13-15 || total
-------------------------+-------+-------+-------+-------+-------++-------
Melee: War axe           |    86 |   147 |   319 |   824 |  1257 ||  2633
       Morningstar       |       |       |       |    35 |    25 ||    60
Throw: Javelin           |       |    11 |    27 |    11 |    75 ||   124
       Boomerang         |       |       |    45 |    78 |    89 ||   212
Invok: Heroism           |       |       |       |    39 |    44 ||    83
       Finesse           |       |       |       |     3 |    12 ||    15
  Use: Scroll            |     2 |     3 |     8 |     3 |     6 ||    22
       Potion            |       |     2 |     5 |     1 |     3 ||    11
 Stab: Petrifying        |       |       |       |       |     2 ||     2
Armor: Scale mail        |    35 |    39 |       |       |       ||    74
       Chain mail        |       |    49 |   201 |   140 |       ||   390
       Plate armour      |       |       |       |   343 |   687 ||  1030
Dodge: Dodged            |    37 |    50 |   127 |   253 |   366 ||   833
Block: Buckler           |    18 |    33 |    63 |   167 |    95 ||   376
       Kite shield       |       |       |       |       |   359 ||   359

Table legend:
 A = Non-vault XP
 B = Vault XP
 C = Vault XP percentage of total XP
 D = Non-vault monster count
 E = Vault monster count
 F = Vault count percentage of total count
                 A         B        C        D         E       F
            +---------+---------+-------+---------+---------+-------
      Total |   71461 |   28092 |  28.2 |     433 |     162 |  27.2
            +---------+---------+-------+---------+---------+-------
        D:1 |      24 |       0 |   0.0 |      17 |       0 |   0.0
        D:2 |      70 |      34 |  32.7 |      18 |       3 |  14.3
        D:3 |      21 |     261 |  92.6 |      13 |       3 |  18.8
        D:4 |     214 |       0 |   0.0 |      18 |       0 |   0.0
        D:5 |     737 |     513 |  41.0 |      25 |      10 |  28.6
        D:6 |    1569 |       0 |   0.0 |      22 |       0 |   0.0
        D:7 |    1394 |       0 |   0.0 |      16 |       0 |   0.0
        D:8 |    1117 |    3491 |  75.8 |      34 |      18 |  34.6
        D:9 |    2421 |     994 |  29.1 |      16 |      15 |  48.4
       D:10 |    2447 |    1397 |  36.3 |      16 |       4 |  20.0
       D:11 |    4266 |    2704 |  38.8 |      19 |       3 |  13.6
       D:12 |    3240 |       0 |   0.0 |      16 |       0 |   0.0
       D:13 |    8783 |    3343 |  27.6 |      34 |       7 |  17.1
       D:14 |    4550 |       0 |   0.0 |      11 |       0 |   0.0
     Lair:1 |    2560 |     972 |  27.5 |      11 |       3 |  21.4
     Lair:2 |    8330 |     990 |  10.6 |      31 |       6 |  16.2
     Lair:3 |    7098 |       0 |   0.0 |      33 |       0 |   0.0
     Lair:4 |    5855 |    2751 |  32.0 |      18 |       4 |  18.2
     Lair:5 |   16765 |   10317 |  38.1 |      65 |      39 |  37.5
      Sewer |       0 |     325 | 100.0 |       0 |      47 | 100.0
            +---------+---------+-------+---------+---------+-------
